 Dungeon Crawl Stone Soup version 0.24.0-13-gcf9b319 (webtiles) character file.

Game seed: 12357169988025036649, levelgen mode: deterministic

46 DarkinPup the Skirmisher (level 3, 0/29 HPs)
             Began as a Demonspawn Fighter on Nov 19, 2019.
             Succumbed to a goblin's poison
             ... on level 1 of the Dungeon.
             The game lasted 00:01:52 (1190 turns).

DarkinPup the Skirmisher (Demonspawn Fighter)       Turns: 1190, Time: 00:01:52

Health: 0/29       AC:  6    Str: 17    XL:     3   Next: 46%
Magic:  2/3        EV:  7    Int:  9    God:
Gold:   28         SH:  9    Dex: 12    Spells: 2/2 levels left

rFire    . . .     SeeInvis .   a - +0 long sword
rCold    . . .     Gourm    .   c - +0 shield
rNeg     . . .     Faith    .   b - +0 scale mail
rPois    .         Spirit   +   (no helmet)
rElec    .         Reflect  .   (no cloak)
rCorr    .         Harm     .   (no gloves)
MR       .....                  (no boots)
Stlth    ..........             (no amulet)
HPRegen  0.09/turn              (no ring)
MPRegen  0.08/turn              (no ring)

@: lethally poisoned (0 -> -26)
A: magic shield
a: no special abilities


You were on level 1 of the Dungeon.
You were not hungry.

You visited 1 branch of the dungeon, and saw 2 of its levels.

You collected 28 gold pieces.

Inventory:

Hand Weapons
 a - a +0 long sword (weapon)
Armour
 b - a +0 scale mail (worn)
 c - a +0 shield (worn)
Scrolls
 e - 2 scrolls of identify {unknown}
 g - a scroll of remove curse {unknown}
 i - a scroll of enchant weapon {unknown}
Potions
 d - a potion of might
 h - a potion of brilliance {unknown}
Comestibles
 f - 2 rations


   Skills:
 * Level 3.4 Fighting
 * Level 2.3 Long Blades
 + Level 2.8 Armour
 * Level 1.2 Dodging
 + Level 2.9 Shields


You had 2 spell levels left.
You didn't know any spells.
Your spell library was empty.

Dungeon Overview and Level Annotations

Branches:
Dungeon (2/15)

Altars:

Annotations:
D:2 Robin, Terence


Innate Abilities, Weirdness & Mutations

When hurt, damage is shared between your health and your magic reserves.


Message History

You block the goblin's attack.
You miss the goblin.
The goblin is heavily wounded.
* * * LOW HITPOINT WARNING * * *
You feel very sick. You block the goblin's attack.
You miss the goblin.
The goblin is heavily wounded.
* * * LOW HITPOINT WARNING * * *
You feel very sick. The goblin hits you but does no damage.
You are more poisoned.
Your scale mail prevents you from hitting the goblin.
The goblin is heavily wounded.
* * * LOW HITPOINT WARNING * * *
You feel very sick. You block the goblin's attack.
The goblin barely misses you.
You closely miss the goblin.
The goblin is heavily wounded.
You die...

#.#...#.#.#.............#
#.###.#.#.#..#..........###
#.##.........#....#........
#.##..#.#.........#........
#.#........).#..#.#........
##.#####.........#.#.....)..
#......'......#..#.#....)...
########..)...#..#.#........
#..g@..'....'........
#...)..##...#........
#......######........
#......# ######### #......#
########


You could see a goblin.

Vanquished Creatures
  2 dart slugs (D:1)
  A leopard gecko (D:1)
  3 bats (D:1)
  3 giant cockroaches (D:1)
  8 goblins
  7 hobgoblins
  4 kobolds (D:1)
  2 quokkas (D:2)
  4 frilled lizards (D:1)
  A rat (D:1)
35 creatures vanquished.

Notes
Turn   | Place    | Note
-------+----------+-------------------------------------------
     0 | D:1      | DarkinPup the Demonspawn Fighter began the quest for the
                  | Orb.
     0 | D:1      | Reached XP level 1. HP: 18/18 MP: 1/1
   101 | D:1      | Gained mutation: When hurt, damage is shared between your
                  | health and your magic reserves. [demonic ancestry]
   101 | D:1      | Reached XP level 2. HP: 19/24 MP: 2/2
   553 | D:1      | Reached skill level 1 in Dodging
   574 | D:1      | Reached XP level 3. HP: 22/29 MP: 1/3
   910 | D:2      | Noticed Robin
   916 | D:2      | Noticed Terence
  1190 | D:1      | Succumbed to a goblin's poison

Levels and vault maps discovered:
D:1:      dpeg_arrival_short_road, layout_basic
D:2:      layout_rooms, nicolae_overflow_hidden_temple, first_ration,
          uniq_terence, uniq_robin, uniq_jessica

Skill      XL: |  1  2 |
---------------+-------+-----
Long Blades    | 2 |  2.3
Dodging        | 1 |  1.2
Fighting       | |  3.4
Armour         | |  2.8
Shields        | |  2.9

Action                   || total
-------------------------++-------
Melee: Long sword        ||   124
  Eat: Chunk             ||     1
Armor: Scale mail        ||    61
Dodge: Dodged            ||    53
Block: Shield            ||    74
       Rpst.: Long sword ||    15
